3L
BROOKLYN DODGERS @ NEW AMSTERDAM DUTCHMEN
08/05/2029
 
TOP OF THE 1ST
Brooklyn Dodgers batting - Pitching for New Amsterdam Dutchmen : RHP J.J. Spencer
Pitching: RHP J.J. Spencer
Batting: LHB Ki-tak Im 0-0: Ball
1-0: Ball
2-0: Ball
3-0: Called Strike
3-1: Called Strike
3-2: Ground out 4-3 (Groundball, 4M)
Batting: LHB Mysterious Walker 0-0: Called Strike
0-1: Ball
1-1: Ball
2-1: Ball
3-1: Base on Balls
Batting: LHB Jérôme Masson 0-0: Ball
1-0: Ball
2-0: Ball
3-0: Called Strike
3-1: Foul Ball, location: 2F
3-2: Fielders Choice at 2nd, 6-4 (Groundball, 6)
Batting: LHB Manuel Carmona 0-0: Called Strike
0-1: Swinging Strike
0-2: Ball
1-2: Strikes out swinging
Top of the 1st over - 0 runs, 0 hits, 0 errors, 1 left on base; Brooklyn 0 - New Amsterdam 0
BOTTOM OF THE 1ST
New Amsterdam Dutchmen batting - Pitching for Brooklyn Dodgers : RHP Eddie Kop
Pitching: RHP Eddie Kop
Batting: RHB Jon Osterman 0-0: Ground out 6-3 (Groundball, 6)
Batting: RHB Enrique Morales 0-0: Ball
1-0: Ball
2-0: Ground out 6-3 (Groundball, 6)
Batting: LHB Félix López 0-0: Called Strike
0-1: Called Strike
0-2: Ball
1-2: Ball
2-2: Strikes out swinging
Bottom of the 1st over - 0 runs, 0 hits, 0 errors, 0 left on base; Brooklyn 0 - New Amsterdam 0
TOP OF THE 2ND
Brooklyn Dodgers batting - Pitching for New Amsterdam Dutchmen : RHP J.J. Spencer
Batting: RHB Brent Ryan 0-0: Called Strike
0-1: Ball
1-1: Ball
2-1: Ball
3-1: Foul Ball, location: 2F
3-2: DOUBLE (Flyball, 78XD)
Batting: RHB Ulbert Sutkamp 0-0: Called Strike
0-1: Fly out, F9 (Flyball, 89D)
Runner from 2nd tags up, SAFE at 3rd, no throw
Batting: SHB Juan Rivas 0-0: Ground out 4-3 (Groundball, 4D)
Brent Ryan scores
Batting: RHB Chandler Bailey 0-0: Ball
1-0: Swinging Strike
1-1: Foul Ball, location: 2F
1-2: Ball
2-2: Ground out 4-3 (Groundball, 4)
Top of the 2nd over - 1 run, 1 hit, 0 errors, 0 left on base; Brooklyn 1 - New Amsterdam 0
BOTTOM OF THE 2ND
New Amsterdam Dutchmen batting - Pitching for Brooklyn Dodgers : RHP Eddie Kop
Batting: RHB Hank Wilder 0-0: Ball
1-0: Foul Ball, location: 2F
1-1: Swinging Strike
1-2: Strikes out swinging
Batting: LHB Cornelius Taitt 0-0: Ball
1-0: Called Strike
1-1: Ball
2-1: Called Strike
2-2: Ball
3-2: Foul Ball, location: 2F
3-2: Ground out 6-3 (Groundball, 6)
Batting: LHB SaQwan Hackett 0-0: Ball
1-0: Swinging Strike
1-1: SOLO HOME RUN (Line Drive, 89XD), Distance : 432 ft
Batting: RHB John Burton 0-0: Ball
1-0: Ball
2-0: Foul Ball, location: 2F
2-1: Ball
3-1: Foul Ball, location: 2F
3-2: Strikes out looking
Bottom of the 2nd over - 1 run, 1 hit, 0 errors, 0 left on base; Brooklyn 1 - New Amsterdam 1
TOP OF THE 3RD
Brooklyn Dodgers batting - Pitching for New Amsterdam Dutchmen : RHP J.J. Spencer
Batting: RHB Vincent Crane 0-0: DOUBLE (Line Drive, 8LXD)
Batting: LHB Ki-tak Im 0-0: Called Strike
0-1: Ball
1-1: Foul Ball, location: 2F
1-2: Ground out 6-3 (Groundball, 6M)
Vincent Crane to third
Batting: LHB Mysterious Walker 0-0: Foul Ball, location: 2F
0-1: Ball
1-1: Swinging Strike
1-2: Ball
2-2: Foul Ball, location: 2F
2-2: Ball
3-2: Fly out, F9 (Flyball, 9)
Runner from 3rd tags up, SCORES, throw made
Batting: LHB Jérôme Masson 0-0: Called Strike
0-1: Called Strike
0-2: Ground out 4-3 (Groundball, 4)
Top of the 3rd over - 1 run, 1 hit, 0 errors, 0 left on base; Brooklyn 2 - New Amsterdam 1
BOTTOM OF THE 3RD
New Amsterdam Dutchmen batting - Pitching for Brooklyn Dodgers : RHP Eddie Kop
Batting: LHB Eric Ward 0-0: Ground out 4-3 (Groundball, 4)
Batting: LHB Denis Jerningham 0-0: Ball
1-0: Ball
2-0: Ball
3-0: Base on Balls
Batting: RHB Jon Osterman 0-0: Ball
1-0: Ball
2-0: Foul Ball, location: 2F
2-1: Ball
3-1: Foul Ball, location: 2F
3-2: Base on Balls
Denis Jerningham to second
Batting: RHB Enrique Morales 0-0: Called Strike
0-1: Ball
1-1: Fly out, F7 (Line Drive, 7)
Batting: LHB Félix López 0-0: Called Strike
0-1: Foul Ball, location: 2F
0-2: Ball
1-2: Ball
2-2: Foul Ball, location: 2F
2-2: Ball
3-2: Foul Ball, location: 2F
3-2: Fly out, F9 (Flyball, 9LM)
Bottom of the 3rd over - 0 runs, 0 hits, 0 errors, 2 left on base; Brooklyn 2 - New Amsterdam 1
TOP OF THE 4TH
Brooklyn Dodgers batting - Pitching for New Amsterdam Dutchmen : RHP J.J. Spencer
Batting: LHB Manuel Carmona 0-0: Swinging Strike
0-1: SOLO HOME RUN (Flyball, 9LD), Distance : 361 ft
Batting: RHB Brent Ryan 0-0: Foul Ball, location: 2F
0-1: Ball
1-1: Foul Ball, location: 2F
1-2: Foul Ball, location: 2F
1-2: Strikes out swinging
Batting: RHB Ulbert Sutkamp 0-0: Foul Ball, location: 2F
0-1: Ground out 6-3 (Groundball, 6)
Batting: SHB Juan Rivas 0-0: Ball
1-0: Ball
2-0: Foul Ball, location: 2F
2-1: Foul Ball, location: 2F
2-2: Strikes out swinging
Top of the 4th over - 1 run, 1 hit, 0 errors, 0 left on base; Brooklyn 3 - New Amsterdam 1
BOTTOM OF THE 4TH
New Amsterdam Dutchmen batting - Pitching for Brooklyn Dodgers : RHP Eddie Kop
Batting: RHB Hank Wilder 0-0: SINGLE (Flyball, 6MD)
Batting: LHB Cornelius Taitt 0-0: SINGLE (Groundball, 4MD)
Hank Wilder to second
Batting: LHB SaQwan Hackett 0-0: Fly out, F8 (Line Drive, 8LS)
Batting: RHB John Burton 0-0: Foul Ball, location: 2F
0-1: Called Strike
0-2: Ball
1-2: Foul Ball, location: 2F
1-2: Fly out, F8 (Flyball, 8RD)
Batting: LHB Eric Ward 0-0: Ball
1-0: Ball
2-0: DOUBLE (Flyball, 78XD)
Hank Wilder scores
Cornelius Taitt to third
Runner from 3rd tries for Home, SAFE, no throw
Batting: LHB Denis Jerningham 0-0: Foul Ball, location: 2F
0-1: Ball
1-1: Foul Ball, location: 2F
1-2: Ball
2-2: Foul Ball, location: 2F
2-2: Strikes out swinging
Bottom of the 4th over - 2 runs, 3 hits, 0 errors, 1 left on base; Brooklyn 3 - New Amsterdam 3
TOP OF THE 5TH
Brooklyn Dodgers batting - Pitching for New Amsterdam Dutchmen : RHP J.J. Spencer
Batting: RHB Chandler Bailey 0-0: Ground out 4-3 (Groundball, 4)
Batting: RHB Vincent Crane 0-0: Ball
1-0: Foul Ball, location: 2F
1-1: Ground out U3 (Groundball, 3)
Batting: LHB Ki-tak Im 0-0: Called Strike
0-1: Foul Ball, location: 2F
0-2: Ground out 4-3 (Groundball, 34)
Top of the 5th over - 0 runs, 0 hits, 0 errors, 0 left on base; Brooklyn 3 - New Amsterdam 3
BOTTOM OF THE 5TH
New Amsterdam Dutchmen batting - Pitching for Brooklyn Dodgers : RHP Eddie Kop
Batting: RHB Jon Osterman 0-0: Ball
1-0: Called Strike
1-1: Foul Ball, location: 2F
1-2: Strikes out looking
Batting: RHB Enrique Morales 0-0: Ground out 6-3 (Groundball, 6)
Batting: LHB Félix López 0-0: Ball
1-0: Ball
2-0: Ball
3-0: Base on Balls
Batting: RHB Hank Wilder 0-0: Ball
1-0: Ball
2-0: Ball
3-0: Called Strike
3-1: SINGLE (Groundball, 6MD)
Félix López to second
Batting: LHB Cornelius Taitt 0-0: Swinging Strike
0-1: Called Strike
0-2: Strikes out swinging
Bottom of the 5th over - 0 runs, 1 hit, 0 errors, 2 left on base; Brooklyn 3 - New Amsterdam 3
TOP OF THE 6TH
Brooklyn Dodgers batting - Pitching for New Amsterdam Dutchmen : RHP J.J. Spencer
Batting: LHB Mysterious Walker 0-0: Called Strike
0-1: Ball
1-1: Called Strike
1-2: Strikes out swinging
Batting: LHB Jérôme Masson 0-0: Ball
1-0: Ball
2-0: Ball
3-0: Called Strike
3-1: Fly out, F9 (Flyball, 9S)
Batting: LHB Manuel Carmona 0-0: Ball
1-0: Called Strike
1-1: Ball
2-1: SINGLE (Line Drive, 89M)
Batting: RHB Brent Ryan 0-0: Called Strike
Manuel Carmona steals 2nd base
0-1: Foul Ball, location: 2F
0-2: Ball
1-2: Foul Ball, location: 2F
1-2: Ground out 6-3 (Groundball, 6)
Top of the 6th over - 0 runs, 1 hit, 0 errors, 1 left on base; Brooklyn 3 - New Amsterdam 3
BOTTOM OF THE 6TH
New Amsterdam Dutchmen batting - Pitching for Brooklyn Dodgers : RHP Eddie Kop
Batting: LHB SaQwan Hackett 0-0: Called Strike
0-1: Ball
1-1: Ground out 1-3 (Groundball, 13)
Batting: RHB John Burton 0-0: Swinging Strike
0-1: Swinging Strike
0-2: Ball
1-2: Strikes out swinging
Batting: LHB Eric Ward 0-0: Called Strike
0-1: Ball
1-1: Ground out 4-3 (Groundball, 4M)
Bottom of the 6th over - 0 runs, 0 hits, 0 errors, 0 left on base; Brooklyn 3 - New Amsterdam 3
TOP OF THE 7TH
Brooklyn Dodgers batting - Pitching for New Amsterdam Dutchmen : RHP J.J. Spencer
Batting: RHB Ulbert Sutkamp 0-0: Called Strike
0-1: Ball
1-1: Swinging Strike
1-2: Fly out, F8 (Flyball, 89D)
Batting: SHB Juan Rivas 0-0: Ball
1-0: Called Strike
1-1: Fly out, F8 (Flyball, 78XD)
Batting: RHB Chandler Bailey 0-0: Foul Ball, location: 2F
0-1: Ground out 5-3 (Groundball, 5)
Top of the 7th over - 0 runs, 0 hits, 0 errors, 0 left on base; Brooklyn 3 - New Amsterdam 3
BOTTOM OF THE 7TH
New Amsterdam Dutchmen batting - Pitching for Brooklyn Dodgers : RHP Eddie Kop
Batting: LHB Denis Jerningham 0-0: Ball
1-0: Ball
2-0: Foul Ball, location: 2F
2-1: Ball
3-1: Fly out, F8 (Flyball, 8RM)
Batting: RHB Jon Osterman 0-0: Called Strike
0-1: Called Strike
0-2: Ball
1-2: Strikes out swinging
Batting: RHB Enrique Morales 0-0: Ball
1-0: Ball
2-0: Ground out 6-3 (Groundball, 6)
Bottom of the 7th over - 0 runs, 0 hits, 0 errors, 0 left on base; Brooklyn 3 - New Amsterdam 3
TOP OF THE 8TH
Brooklyn Dodgers batting - Pitching for New Amsterdam Dutchmen : RHP J.J. Spencer
Batting: RHB Vincent Crane 0-0: Called Strike
0-1: Ball
1-1: Fly out, F4 (Popup, 4M)
Batting: LHB Ki-tak Im 0-0: Ball
1-0: Ball
2-0: Ball
3-0: Called Strike
3-1: Called Strike
3-2: Fly out, F4 (Popup, 4M)
Batting: LHB Mysterious Walker 0-0: Foul Ball, location: 2F
0-1: Ball
1-1: Ball
2-1: Ball
3-1: Foul Ball, location: 2F
3-2: Fly out, F9 (Line Drive, 9LM)
Top of the 8th over - 0 runs, 0 hits, 0 errors, 0 left on base; Brooklyn 3 - New Amsterdam 3
BOTTOM OF THE 8TH
New Amsterdam Dutchmen batting - Pitching for Brooklyn Dodgers : RHP Eddie Kop
Batting: LHB Félix López 0-0: Ball
1-0: Foul Ball, location: 2F
1-1: Swinging Strike
1-2: Ball
2-2: Foul Ball, location: 2F
2-2: Foul Ball, location: 2F
2-2: Ball
3-2: SINGLE (Line Drive, 9S)
Pitching: RHP Luis Bejarano
Batting: RHB Hank Wilder 0-0: Called Strike
0-1: Fly out, F9 (Flyball, 9S)
Batting: LHB Cornelius Taitt 0-0: Ball
1-0: Called Strike
1-1: Fly out, F5 (Line Drive, 5S)
Batting: LHB SaQwan Hackett 0-0: Fly out, F9 (Flyball, 9S)
Bottom of the 8th over - 0 runs, 1 hit, 0 errors, 1 left on base; Brooklyn 3 - New Amsterdam 3
TOP OF THE 9TH
Brooklyn Dodgers batting - Pitching for New Amsterdam Dutchmen : RHP J.J. Spencer
Batting: LHB Jérôme Masson 0-0: Called Strike
0-1: Ball
1-1: Called Strike
1-2: Fly out, F7 (Flyball, 78S)
Batting: LHB Manuel Carmona 0-0: Called Strike
0-1: Ball
1-1: Ball
2-1: DOUBLE (Line Drive, 9LM)
Pitching: RHP Glenn Butler
Batting: RHB Brent Ryan 0-0: Foul Ball, location: 2F
0-1: Fly out, F8 (Flyball, 78D)
Batting: RHB Ulbert Sutkamp 0-0: Swinging Strike
0-1: Ball
1-1: Called Strike
1-2: Foul Ball, location: 2F
1-2: Ball
2-2: Fly out, F9 (Flyball, 9)
Top of the 9th over - 0 runs, 1 hit, 0 errors, 1 left on base; Brooklyn 3 - New Amsterdam 3
BOTTOM OF THE 9TH
New Amsterdam Dutchmen batting - Pitching for Brooklyn Dodgers : RHP Luis Bejarano
Batting: RHB John Burton 0-0: Called Strike
0-1: Ball
1-1: Ball
2-1: SINGLE (Line Drive, 8RS)
Batting: LHB Eric Ward 0-0: Called Strike
0-1: Called Strike
0-2: Ball
1-2: Ball
2-2: Strikes out swinging
Batting: LHB Denis Jerningham 0-0: Ball
1-0: Swinging Strike
John Burton steals 2nd base
1-1: Foul Ball, location: 2F
1-2: Ball
2-2: Foul Ball, location: 2F
2-2: Foul Ball, location: 2F
2-2: Ground out 4-3 (Groundball, 4)
John Burton to third
Batting: RHB Jon Osterman 0-0: Ground out 1-3 (Groundball, P)
Bottom of the 9th over - 0 runs, 1 hit, 0 errors, 1 left on base; Brooklyn 3 - New Amsterdam 3
TOP OF THE 10TH
Brooklyn Dodgers batting - Pitching for New Amsterdam Dutchmen : RHP Glenn Butler
Batting: SHB Juan Rivas 0-0: Foul Ball, location: 2F
0-1: Ball
1-1: Foul Ball, location: 2F
1-2: Foul Ball, location: 2F
1-2: Strikes out swinging
Pinch Hitting: LHB Frank Sharp 0-0: Ball
1-0: Ball
2-0: Foul Ball, location: 2F
2-1: Ball
3-1: Foul Ball, location: 2F
3-2: Fly out, F7 (Flyball, 78M)
Batting: RHB Vincent Crane 0-0: Ball
1-0: SINGLE (Line Drive, 56D)
Batting: LHB Ki-tak Im 0-0: Ball
1-0: Fly out, F3 (Line Drive, 4S)
Top of the 10th over - 0 runs, 1 hit, 0 errors, 1 left on base; Brooklyn 3 - New Amsterdam 3
BOTTOM OF THE 10TH
New Amsterdam Dutchmen batting - Pitching for Brooklyn Dodgers : RHP Luis Bejarano
Pitching: LHP Sjaak Bonne
Now at C: Adrian Rodgers
Batting: RHB Enrique Morales 0-0: Ball
1-0: Fly out, F9 (Flyball, 9)
Pinch Hitting: RHB António Pérez 0-0: Foul Ball, location: 2F
0-1: Swinging Strike
0-2: Strikes out swinging
Batting: RHB Hank Wilder 0-0: SINGLE (Line Drive, 56D)
Pinch Hitting: RHB Pablo Ledesma 0-0: Ball
1-0: Swinging Strike
1-1: Ball
2-1: Foul Ball, location: 2F
2-2: Strikes out looking
Bottom of the 10th over - 0 runs, 1 hit, 0 errors, 1 left on base; Brooklyn 3 - New Amsterdam 3
TOP OF THE 11TH
Brooklyn Dodgers batting - Pitching for New Amsterdam Dutchmen : RHP Glenn Butler
Now at C: Pablo Ledesma
Now in LF: António Pérez
Batting: LHB Mysterious Walker 0-0: Foul Ball, location: 2F
0-1: Ball
1-1: Called Strike
1-2: Strikes out looking
Batting: LHB Jérôme Masson 0-0: Ball
1-0: Foul Ball, location: 2F
1-1: Ball
2-1: Called Strike
2-2: Strikes out swinging
Batting: LHB Manuel Carmona 0-0: Called Strike
0-1: Ball
1-1: Called Strike
1-2: Strikes out swinging
Top of the 11th over - 0 runs, 0 hits, 0 errors, 0 left on base; Brooklyn 3 - New Amsterdam 3
BOTTOM OF THE 11TH
New Amsterdam Dutchmen batting - Pitching for Brooklyn Dodgers : LHP Sjaak Bonne
Batting: LHB SaQwan Hackett 0-0: Called Strike
0-1: Foul Ball, location: 2F
0-2: Strikes out swinging
Batting: RHB John Burton 0-0: Ball
1-0: Ball
2-0: Swinging Strike
2-1: Ball
3-1: Swinging Strike
3-2: Strikes out swinging
Batting: LHB Eric Ward 0-0: Ball
1-0: Ball
2-0: Called Strike
2-1: Swinging Strike
2-2: Strikes out swinging
Bottom of the 11th over - 0 runs, 0 hits, 0 errors, 0 left on base; Brooklyn 3 - New Amsterdam 3
TOP OF THE 12TH
Brooklyn Dodgers batting - Pitching for New Amsterdam Dutchmen : RHP Glenn Butler
Pitching: LHP Frenk Norman
Batting: RHB Brent Ryan 0-0: Called Strike
0-1: Ball
1-1: Ball
2-1: Ground out 5-3 (Groundball, 56)
Batting: RHB Ulbert Sutkamp 0-0: Ball
1-0: Foul Ball, location: 2F
1-1: Ball
2-1: DOUBLE (Line Drive, 78S)
Pinch Hitting: RHB Oliver Aranda 0-0: Intentional Walk
Batting: RHB Adrian Rodgers 0-0: Ball
1-0: Called Strike
1-1: Swinging Strike
1-2: Strikes out swinging
Batting: RHB Vincent Crane 0-0: Ball
1-0: Ground out U3 (Groundball, 3S)
Top of the 12th over - 0 runs, 1 hit, 0 errors, 2 left on base; Brooklyn 3 - New Amsterdam 3
BOTTOM OF THE 12TH
New Amsterdam Dutchmen batting - Pitching for Brooklyn Dodgers : LHP Sjaak Bonne
Pitching: LHP Brandeis Vogt
Now in LF: Oliver Aranda
Batting: LHB Denis Jerningham 0-0: Ball
1-0: Called Strike
1-1: Called Strike
1-2: Strikes out swinging
Batting: RHB Jon Osterman 0-0: Ground out 5-3 (Groundball, 56S)
Batting: RHB Enrique Morales 0-0: Called Strike
0-1: Ball
1-1: Ball
2-1: Called Strike
2-2: Ball
3-2: Base on Balls
Batting: RHB António Pérez 0-0: Called Strike
0-1: Called Strike
0-2: Strikes out looking
Bottom of the 12th over - 0 runs, 0 hits, 0 errors, 1 left on base; Brooklyn 3 - New Amsterdam 3
TOP OF THE 13TH
Brooklyn Dodgers batting - Pitching for New Amsterdam Dutchmen : LHP Frenk Norman
Pinch Hitting: RHB Gustavo Mateo 0-0: Ball
1-0: Foul Ball, location: 2F
1-1: Ball
2-1: Called Strike
2-2: Ground out 5-3 (Groundball, 56)
Batting: LHB Mysterious Walker 0-0: Ball
1-0: Ball
2-0: Ball
3-0: Base on Balls
Batting: LHB Jérôme Masson 0-0: Ball
1-0: Foul Ball, location: 2F
1-1: Fielders Choice at 2nd, 4-6 (Groundball, 4)
Batting: LHB Manuel Carmona 0-0: Foul Ball, location: 2F
0-1: TRIPLE (Flyball, 8LXD)
Jérôme Masson scores
Batting: RHB Brent Ryan 0-0: Foul Ball, location: 2F
0-1: Ground out 6-3 (Groundball, 6)
Top of the 13th over - 1 run, 1 hit, 0 errors, 1 left on base; Brooklyn 4 - New Amsterdam 3
BOTTOM OF THE 13TH
New Amsterdam Dutchmen batting - Pitching for Brooklyn Dodgers : LHP Brandeis Vogt
Now at 3B: Gustavo Mateo
Batting: RHB Hank Wilder 0-0: Foul Ball, location: 2F
0-1: Ball
1-1: Called Strike
1-2: Ball
2-2: Ball
3-2: Foul Ball, location: 2F
3-2: Foul Ball, location: 2F
3-2: Strikes out swinging
Batting: RHB Pablo Ledesma 0-0: Called Strike
0-1: Ball
1-1: Ground out 6-3 (Groundball, 6)
Batting: LHB SaQwan Hackett 0-0: SINGLE (Groundball, 34D)
Batting: RHB John Burton 0-0: Swinging Strike
0-1: Ball
1-1: Foul Ball, location: 2F
1-2: Ball
2-2: SINGLE (Groundball, 56D)
SaQwan Hackett to second
Batting: LHB Eric Ward 0-0: Called Strike
0-1: Ball
1-1: Foul Ball, location: 2F
1-2: Ball
2-2: Strikes out swinging
Bottom of the 13th over - 0 runs, 2 hits, 0 errors, 2 left on base; Brooklyn 4 - New Amsterdam 3
Tuesday, December 19th, 2017 - OOTP Baseball 18.8 Build 76